 Dungeon Crawl Stone Soup version 0.28-a0-1159-g27aa881441 (webtiles) character file.

Game seed: 1331735803048135722

113 SensoryNuts the Skirmisher (level 4, 0/36 HPs)
             Began as a Demonspawn Fighter on Dec 15, 2021.
             Slain by a gnoll (4 damage)
             ... on level 3 of the Dungeon.
             The game lasted 00:02:42 (2551 turns).

SensoryNuts the Skirmisher (Demonspawn Fighter)     Turns: 2551, Time: 00:02:43

Health: 0/36       AC: 10    Str: 18    XL:     4   Next: 65%
Magic:  4/4        EV:  5    Int: 10    God:
Gold:   456        SH:  9    Dex: 12    Spells: 3/3 levels left

rFire   . . .      SeeInvis .   a - +0 long sword
rCold   . . .      Faith    .   k - +1 kite shield
rNeg    . . .      Spirit   .   i - +0 chain mail
rPois   .          Reflect  .   (no helmet)
rElec   .          Harm     .   (no cloak)
rCorr   .          Rampage  .   (no gloves)
Will    .....                   (no boots)
Stlth   ..........              (no amulet)
HPRegen 0.12/turn               (no ring)
MPRegen 0.09/turn               (no ring)

@: no status effects
A: sharp scales 1
a: no special abilities


You were on level 3 of the Dungeon.
You visited 1 branch of the dungeon, and saw 3 of its levels.

You collected 456 gold pieces.

Inventory:

Hand Weapons
 a - a +0 long sword (weapon)
Armour
 b - a +0 scale mail
 i - a +0 chain mail (worn)
 k - a +1 kite shield (worn)
Scrolls
 e - 2 scrolls of identify {unknown}
 g - a scroll of amnesia {unknown}
Potions
 c - 3 potions of curing {unknown}
 d - a potion of might
 f - 2 potions of flight
 h - a potion of ambrosia {unknown}


   Skills:
 + Level 3.6 Fighting
 + Level 2.4 Long Blades
 + Level 3.4 Armour
 + Level 0.8 Dodging
 + Level 0.7 Stealth
 + Level 3.2 Shields


You had 3 spell levels left.
You didn't know any spells.
Your spell library contained the following spells:

 Spells                   Type           Power      Damage    Failure   Level
 Call Canine Familiar     Summ           0%         N/A       100%        3
 Portal Projectile        Hex/Tloc       0%         N/A       100%        3
 Airstrike                Air            0%         N/A       100%        4
 Leda's Liquefaction      Hex/Erth       0%         N/A       100%        4
 Summon Lightning Spire   Summ/Air       0%         N/A       100%        4
 Lightning Bolt           Conj/Air       0%         1d11      100%        5


Dungeon Overview and Level Annotations

Branches:
Dungeon (3/15)

Altars:


Innate Abilities, Weirdness & Mutations

You are partially covered in razor-sharp scales. (AC +1, Slay +1)


Message History

You barely miss the gnoll. You block the gnoll's attack.
The gnoll hits you with a +0 spear. The gnoll completely misses you.
You closely miss the gnoll.
The gnoll hits you but does no damage. x2
You slash the gnoll!
The gnoll is heavily wounded.
The gnoll hits you with a +0 spear. The gnoll hits you but does no damage.
The gnoll hits you with a +0 spear! The gnoll hits you with a +0 club.
You slash the gnoll!
You kill the gnoll!
The gnoll throws a stone.
The stone closely misses you.
The stone hits the gnoll.
The gnoll hits you with a +0 club.
You are too injured to fight recklessly!
You are too injured to fight recklessly!
You hit the gnoll.
The gnoll is heavily wounded.
The gnoll hits you with a +0 club. The gnoll hits you with a +0 flail.
The gnoll hits you but does no damage.
You closely miss the gnoll.
The gnoll is heavily wounded.
The gnoll hits you with a +0 flail. You block the gnoll's attack.
The gnoll hits you with a +0 flail!
* * * LOW HITPOINT WARNING * * *
You slash the gnoll!
You kill the gnoll!
You block the gnoll's attack.
Okay, then.
You hit the gnoll.
The gnoll is lightly wounded.
You block the gnoll's attack. x2
You closely miss the gnoll.
The gnoll is lightly wounded.
The gnoll barely misses you.
You closely miss the gnoll.
The gnoll is lightly wounded.
The gnoll hits you but does no damage. The gnoll hits you with a +0 flail.
* * * LOW HITPOINT WARNING * * *
You slash the gnoll!
The gnoll is severely wounded.
You block the gnoll's attack. The gnoll hits you with a +0 flail.
You die...

#.# #.. #.# #.#
#.. #.# ### ...
..# #.# #.# #.#
#.# ######## #g#
#.# #....... #@#
#.# #.###### #)#
#.# #.# #
#.####.####.######
#................#
######.#########.#
#†# #....... #.#
#.###### #.####.#
#......#


You could see a gnoll.

Vanquished Creatures
  A hound (D:2)
  3 gnolls (D:3)
  2 worms (D:3)
  3 dart slugs
  A bat (D:1)
  An endoplasm (D:3)
  2 goblins (D:1)
  4 hobgoblins
  4 jackals (D:3)
  5 quokkas
  2 ball pythons
  5 frilled lizards
  6 kobolds
  5 rats
44 creatures vanquished.

Notes
Turn   | Place    | Note
-------+----------+-------------------------------------------
     0 | D:1      | SensoryNuts the Demonspawn Fighter began the quest for the
                  | Orb.
     0 | D:1      | Reached XP level 1. HP: 18/18 MP: 1/1
   207 | D:1      | Gained mutation: You are partially covered in razor-sharp
                  | scales. (AC +1, Slay +1) [demonic ancestry]
   207 | D:1      | Reached XP level 2. HP: 21/24 MP: 2/2
  1272 | D:1      | Identified a scroll of acquirement
  1272 | D:1      | Acquired 374 gold pieces
  1333 | D:2      | Reached XP level 3. HP: 9/29 MP: 3/3
  2151 | D:3      | Reached XP level 4. HP: 31/35 MP: 4/4
  2405 | D:3      | Found a faded altar of an unknown god.
  2551 | D:3      | Slain by a gnoll

Illustrated notes

Levels and vault maps discovered:
D:1:      minmay_arrival_nine_rooms, layout_basic
D:2:      layout_basic
D:3:      layout_loops_ring, chequers_ecumenical_altar_island

Skill      XL: |  1  2 |
---------------+-------+-----
Armour         | 3 |  3.4
Long Blades    | 2 |  2.4
Shields        | 3 |  3.2
Fighting       | |  3.6
Dodging        | |  0.8
Stealth        | |  0.7

Action                   |  1- 3 |  4- 6 || total
-------------------------+-------+-------++-------
Melee: Long sword        |    92 |    49 ||   141
  Use: Scroll            |     5 |       ||     5
       Potion            |     1 |       ||     1
Armor: Scale mail        |    49 |    17 ||    66
       Chain mail        |       |     8 ||     8
Dodge: Dodged            |    38 |    15 ||    53
Block: Buckler           |    12 |       ||    12
       Kite shield       |    17 |    29 ||    46

Table legend: (Time is in decaauts)
 A = Elapsed time spent in this place.
 B = Non-inter-level travel time spent in this place.
 C = Inter-level travel time spent in this place.
 D = Time resting spent in this place.
 E = Time spent auto-exploring this place.
 F = Levels seen in this place.
 G = Mean time per level.
                   A        B        C        D        E       F      G
               +--------+--------+--------+--------+--------+-----+--------+
         Total |   2615 |   2270 |    345 |      0 |   1878 |   3 |  871.7 |
       Dungeon |   2615 |   2270 |    345 |      0 |   1878 |   3 |  871.7 |
               +--------+--------+--------+--------+--------+-----+--------+

Top non-repeatable levels by time:
     D:1: 1329 daAuts
     D:2: 801 daAuts
     D:3: 484 daAuts
